 Dungeon Crawl Stone Soup version 0.29.1-2-gbd0b4ee654 (webtiles) character file.

Game seed: 8550488619466803868

32 Ivernyr the Sneak (level 3, 0/28 HPs)
             Began as a Naga Enchanter on Oct 29, 2022.
             Slain by a jackal (1 damage)
             ... on level 2 of the Dungeon.
             The game lasted 00:02:21 (1395 turns).

Ivernyr the Sneak (Naga Enchanter)                  Turns: 1395, Time: 00:02:22

Health: 0/28       AC:  2    Str: 10    XL:     3   Next: 27%
Magic:  6/6        EV: 10    Int: 17    God:
Gold:   78         SH:  0    Dex: 11    Spells: 4/6 levels left

rFire   . . .      SeeInvis +   a - +1 dagger
rCold   . . .      Faith    .   (no shield)
rNeg    . . .      Spirit   .   b - +0 robe
rPois   +          Reflect  .   (no helmet)
rElec   .          Harm     .   (no cloak)
rCorr   .          Rampage  .   (no gloves)
Will    .....                   (no barding)
Stlth   +++.......              (no amulet)
HPRegen 0.09/turn               (no ring)
MPRegen 0.10/turn               (no ring)

@: short of breath, very slow
A: AC +1, large, see invisible, deformed body, poison resistance, slowness 2,
spit poison 1, naga tail 1
a: Spit Poison


You were on level 2 of the Dungeon.
You visited 1 branch of the dungeon, and saw 2 of its levels.

You collected 78 gold pieces.

Inventory:

Hand Weapons
 a - a +1 dagger (weapon)
Armour
 b - a +0 robe (worn)
Jewellery
 g - a ring of flight
Scrolls
 d - 2 scrolls of identify {unknown}
 f - 3 scrolls of fear {unknown}
 h - a scroll of immolation {unknown}
Potions
 c - 2 potions of invisibility
 e - a potion of heal wounds {unknown}
 i - a potion of ambrosia {unknown}
 j - a potion of lignification {unknown}
 k - a potion of cancellation {unknown}
 l - a potion of mutation {unknown}


   Skills:
 + Level 1.6 Short Blades
 + Level 1.9 Dodging
 * Level 5.3 Stealth
 - Level 2.0 Spellcasting
 + Level 3.2 Hexes


You had 4 spell levels left.
You knew the following spells:

 Your Spells              Type           Power      Damage    Failure   Level
a - Ensorcelled Hibernat  Hex/Ice        14%        N/A       16%         2

Your spell library contained the following spells:

 Spells                   Type           Power      Damage    Failure   Level
 Confusing Touch          Hex            12%        N/A       16%         3
 Tukima's Dance           Hex            12%        N/A       16%         3
 Dazzling Flash           Conj/Hex       14%        N/A       30%         3


Dungeon Overview and Level Annotations

Branches:
Dungeon (2/15)

Altars:


Innate Abilities, Weirdness & Mutations

Your serpentine skin is tough. (AC +1)
You have supernaturally acute eyesight. (SInv)
Armour fits poorly on your strangely shaped body.
Your system is resistant to poisons. (rPois)
You cover ground very slowly.
You can spit poison.
You have a snake-like lower body.


Message History

The jackal bites you but does no damage.
The jackal closely misses you.
You hit the jackal but do no damage. The jackal closely misses you.
The jackal bites you. x2; The jackal barely misses you.
You barely miss the jackal. The jackal bites you. x2
The jackal closely misses you. The jackal barely misses you.
The jackal attacks as you move away! The jackal bites you. x2
The jackal misses you. The jackal bites you. x2
The jackal attacks as you move away! The jackal bites you.
The jackal bites you but does no damage.
The jackal bites you.
* * * LOW HITPOINT WARNING * * *
The jackal closely misses you. The jackal attacks as you move away!
The jackal bites you but does no damage.
The jackal bites you.
* * * LOW HITPOINT WARNING * * *
The jackal bites you.
* * * LOW HITPOINT WARNING * * *
The jackal bites you but does no damage.
The jackal barely misses you.
The jackal bites you but does no damage.
The jackal bites you.
* * * LOW HITPOINT WARNING * * *
Casting: Ensorcelled Hibernation (safe; 16% risk of failure)
Confirm with . or Enter, or press ? or * to list all spells.
Okay, then.
Okay, then.
Aiming: Spit Poison (2% risk of failure)
Press: ? - help, Q - select action, (/) - cycle Shift-Dir - straight line, f - jackal
Aim: a jackal (50% to hit)
Okay, then.
Aiming: Spit Poison (2% risk of failure)
Press: ? - help, Shift-Dir - straight line, f - jackal
Aim: a jackal (50% to hit)
The splash of poison misses the jackal.
The splash of poison hits the jackal!
The jackal is poisoned.
You kill the jackal!
The jackal bites you.
You die...

#.# ### #.# ..# #.# ### #.#
#.# #.. #.# #.# ##### #.#
#@# #.# #...# #.# #h# .. #.#
#...###.###h## ...
##.###..........h.#### ....
.........###.###...#.###....
#...#.#...<#.............#..
#.........#######..#........
#..##.#.....### #......#.#..
#.............# #.....##


You could see 3 jackals.

Vanquished Creatures
  A worm (D:2)
  A giant cockroach (D:1)
  3 goblins (D:1)
  2 hobgoblins
  3 jackals (D:2)
  4 kobolds (D:1)
  2 quokkas (D:1)
  5 ball pythons
  4 bats (D:1)
  2 frilled lizards
  3 rats
30 creatures vanquished.

Vanquished Creatures (others)
  4 plants (D:2)
4 creatures vanquished.

Grand Total: 34 creatures vanquished

Notes
Turn   | Place    | Note
-------+----------+-------------------------------------------
     0 | D:1      | Ivernyr the Naga Enchanter began the quest for the Orb.
     0 | D:1      | Reached XP level 1. HP: 15/15 MP: 3/3
   256 | D:1      | Reached XP level 2. HP: 22/22 MP: 5/5
   625 | D:1      | Learned a level 2 spell: Ensorcelled Hibernation
   633 | D:1      | Reached skill level 5 in Stealth
  1272 | D:2      | Reached XP level 3. HP: 27/28 MP: 6/6
  1394 | D:2      | HP: 1/28 [jackal (2)]
  1395 | D:2      | Slain by a jackal

Illustrated notes

Levels and vault maps discovered:
D:1:      amcnicky_arrival_blooded_trapdoor, layout_loops_cross,
          chequers_serial_rivers_large_b
D:2:      layout_basic, serial_shops, nicolae_shop_window_shopping,
          serial_bayou_ford_a

Skill      XL: |  1  2 |
---------------+-------+-----
Stealth        | 5 |  5.3
Short Blades   | |  1.6
Dodging        | |  1.9
Spellcasting   | |  2.0
Hexes          | |  3.2

Action                   || total
-------------------------++-------
Melee: Dagger            ||    61
 Cast: Ensorcelled Hiber ||     5
 Abil: Spit Poison       ||     2
 Stab: Sleeping          ||    13
Armor: Robe              ||    10
Dodge: Dodged            ||    39
